 Dungeon Crawl Stone Soup version 0.20.0-15-g7f486f2 (webtiles) character file.

20541 esteth the Cruncher (level 12, 0/76 HPs)
             Began as a Gargoyle Earth Elementalist on June 17, 2017.
             Was a Believer of Vehumet.
             Slain by Rupert
             ... wielding a +3 great mace of draining
              (30 damage)
             ... on level 4 of the Lair of Beasts.
             The game lasted 00:41:06 (16075 turns).

esteth the Cruncher (Gargoyle Earth Elementalist)  Turns: 16075, Time: 00:41:07

Health: 0/76       AC: 18    Str: 13    XL:     12   Next: 80%
Magic:  21/27      EV: 12    Int: 20    God:    Vehumet [**....]
Gold:   716        SH:  2    Dex: 10    Spells: 9/20 levels left

rFire    + + +     SeeInvis +   E - +11 quarterstaff of Myethuf {pain, rF+++ SInv}
rCold    . . .     Gourm    .   (shield currently unavailable)
rNeg     + . .     Faith    .   u - +2 robe {Archmagi}
rPois    ∞         Spirit   .   (no helmet)
rElec    +         Reflect  +   U - +2 cloak
rCorr    .         Harm     .   o - +0 pair of gloves
MR       .....                  q - +1 pair of boots
Stlth    ++........             h - +2 amulet of reflection
Regen    0.3/turn               r - ring of wizardry
MPRegen  0.2/turn               D - ring of magical power

@: about to teleport
A: negative energy resistance 1, electricity resistance, unbreathing,
petrification resistance, rot immunity, AC +8
a: Renounce Religion


You were on level 4 of the Lair of Beasts.
You worshipped Vehumet.
Vehumet was pleased with you.
You were not hungry.

You visited 3 branches of the dungeon, and saw 14 of its levels.

You collected 878 gold pieces.
You spent 162 gold pieces at shops.

Inventory:

Hand Weapons
 E - the +11 quarterstaff of Myethuf (weapon) {pain, rF+++ SInv}
   (You found it on level 4 of the Dungeon)

   In the hands of one skilled in necromantic magic, it inflicts extra damage on
   living creatures.
   It renders you almost immune to fire.
   It lets you see invisible.
Missiles
 b - 184 stones (quivered)
Armour
 o - a +0 pair of gloves (worn)
 q - a +1 pair of boots (worn)
 u - a +2 robe of the Archmagi (worn)
 U - a +2 cloak (worn)
Jewellery
 h - a +2 amulet of reflection (around neck)
 r - a ring of wizardry (left hand)
 C - an uncursed ring of resist corrosion
 D - a ring of magical power (right hand)
 V - an uncursed ring of protection from cold
Wands
 c - a wand of iceblast (6/15)
 j - a wand of disintegration (14/24)
 y - a wand of iceblast (6/15)
 F - a wand of digging (8/24)
 I - a wand of lightning (6/15)
 P - a wand of scattershot (6/9)
Scrolls
 a - 5 scrolls of amnesia
 m - 5 scrolls of teleportation
 n - 6 scrolls of remove curse
 s - a scroll of enchant weapon
 t - a scroll of fear
 G - 2 scrolls of magic mapping
 H - 2 scrolls of blinking
 K - a scroll of fog
 N - a scroll of immolation
 S - a scroll of recharging
 X - a scroll of identify
 Y - a scroll of brand weapon
Potions
 g - 2 potions of agility
 i - 5 potions of might
 p - 2 potions of berserk rage
 w - a potion of haste
 x - 3 potions of flight {unknown}
 z - 2 potions of brilliance {unknown}
 B - a potion of magic {unknown}
 J - a potion of mutation {unknown}
 L - 3 potions of heal wounds {unknown}
 M - 2 potions of ambrosia {unknown}
 O - a potion of resistance {unknown}
 W - 2 potions of lignification {unknown}
 Z - 2 potions of cancellation {unknown}
Books
 e - a book of Geomancy

   Spells                             Type                      Level
   a - Sandblast                      Earth                        1
   b - Passwall                       Transmutation/Earth          2
   c - Stone Arrow                    Conjuration/Earth            3
   d - Petrify                        Transmutation/Earth          4
   e - Lee's Rapid Deconstruction     Earth                        5
 f - a book of Debilitation

   Spells                             Type                      Level
   a - Corona                         Hexes                        1
   b - Slow                           Hexes                        2
   c - Inner Flame                    Hexes/Fire                   3
   d - Portal Projectile              Hexes/Translocation          3
   e - Cause Fear                     Hexes                        4
   f - Leda's Liquefaction            Hexes/Earth                  4
 l - a book of Necromancy

   Spells                             Type                      Level
   a - Pain                           Necromancy                   1
   b - Animate Skeleton               Necromancy                   1
   c - Vampiric Draining              Necromancy                   3
   d - Regeneration                   Charms/Necromancy            3
   e - Animate Dead                   Necromancy                   4
   f - Control Undead                 Necromancy                   4
 R - the Compendium of Torrid Contamination
   (You acquired it on level 9 of the Dungeon)

   Spells                             Type                      Level
   a - Throw Flame                    Conjuration/Fire             2
   b - Ignite Poison                  Fire/Transmutation/Poison    3
   c - Inner Flame                    Hexes/Fire                   3
   d - Bolt of Magma                  Conjuration/Fire/Earth       5
   e - Fireball                       Conjuration/Fire             5
 T - a Young Poisoner's Handbook

   Spells                             Type                      Level
   a - Sting                          Conjuration/Poison           1
   b - Poisonous Vapours              Poison/Air                   2
   c - Mephitic Cloud                 Conjuration/Poison/Air       3
   d - Olgreb's Toxic Radiance        Poison                       4
   e - Venom Bolt                     Conjuration/Poison           5
Comestibles
 d - 6 bread rations
 k - 12 royal jellies
 v - 9 meat rations


   Skills:
 - Level 9.0 Fighting
 - Level 12.8 Staves
 - Level 2.6 Dodging
 - Level 3.5 Stealth
 + Level 4.5 Spellcasting
 + Level 9.3 Conjurations
   Level 0.7 Transmutations
 - Level 7.6 Fire Magic
 - Level 8.0 Earth Magic


You had 9 spell levels left.
You knew the following spells:

 Your Spells              Type           Power        Failure   Level  Hunger
a - Sandblast             Erth           ######       1%          1    None
b - Lee's Rapid Deconstr  Erth           ######....   4%          5    ######.
c - Bolt of Magma         Conj/Fire/Erth ######....   4%          5    ######.


Dungeon Overview and Level Annotations

Branches:
Dungeon (9/15)             Temple (1/1) D:5            Lair (4/6) D:9
  Swamp (0/4) Lair:2       Spider (0/4) Lair:3
    Orc: D:9-12

Altars:
Ashenzari
Cheibriados
Dithmenos
Elyvilon
Fedhas
Gozag
Hepliaklqana
Kikubaaqudgha
Makhleb
Nemelex Xobeh
Okawaru
Qazlal
Ru
Sif Muna
Trog
Uskayaw
Vehumet
Xom
Yredelemnul
Zin
The Shining One

Shops:
D:6 [

Annotations:
Lair:3 Urug
Lair:4 Rupert


Innate Abilities, Weirdness & Mutations

You are resistant to torment.
Your stone body is resilient. (AC +8)
You are immune to poison.
You resist negative energy. (rN+)
You are resistant to electric shocks. (rElec)
You can survive without breathing.
You are immune to petrification.
You are immune to rotting.


Message History

Vehumet accepts your kill.
You feel your power returning.
No target in view!
Rupert the Wild comes into view.
He is wielding a great mace of draining.
Rupert shouts!
Rupert roars madly and goes into a rage!
Rupert goes berserk!
Rupert hits you with a great mace of draining!
As you read the scroll of teleportation, it crumbles to dust.
You feel strangely unstable.
Rupert hits you with a great mace of draining.
You bludgeon Rupert!!
Rupert is lightly wounded.
Rupert hits you but does no damage.
You bludgeon Rupert!!
Rupert is lightly wounded.
You closely miss Rupert.
Rupert is lightly wounded.
Rupert hits you with a great mace of draining!!
You die...

....................
.....
.....................
......
................
.......
................
..%.....
................
.........
.........#P.##..
........## ##
P.......#####
#......†...@#
#.......##@.#
#......###..# #......
##'# #...... #.#
#...... ... #......
.... .... ....


You could see Rupert (berserk).

Vanquished Creatures
  3 hydras
  The ghost of skittles the Arsonist, a journeyman DrFE of Vehumet (Lair:1)
  Harold (Lair:3)
  Erica (D:9)
  A death yak (Lair:2)
  Nergalle (Lair:1)
  Pikel (D:8)
  Joseph (D:8)
  3 spiny frogs
  A rime drake (Lair:3)
  The ghost of esteth the Digger, a novice GrEE (D:5)
  4 komodo dragons
  A polar bear (D:9)
  4 blink frogs (Lair:2)
  Prince Ribbit (D:7)
  Grinder (D:5)
  5 hippogriffs
  18 yaks
  Grum (D:8)
  4 wyverns (D:9)
  4 hogs (D:8)
  A human (D:8)
  A basilisk (Lair:4)
  5 water moccasins
  2 ice beasts
  2 porcupines
  Duvessa (D:7)
  A swamp drake (D:9)
  An orc warrior (D:7)
  4 phantoms
  A sky beast (D:5)
  A slave (D:8)
  11 wolves
  5 ogres
  3 centaurs
  9 bullfrogs
  A gnoll sergeant (D:6)
  A wyvern zombie (D:6)
  A wyvern skeleton (D:8)
  3 scorpions
  Dowan (D:7)
  8 wights
  A howler monkey (D:4)
  4 electric eels
  3 crimson imps
  5 orc priests
  5 hounds
  6 orc wizards
  A centaur skeleton (D:6)
  Jessica (D:2)
  Natasha (thrice) (D:2)
  Ijyb (D:4)
  2 iguanas
  8 worker ants
  A bullfrog simulacrum (D:9)
  A hound skeleton (D:7)
  5 gnolls
  8 adders
  2 white imps (D:9)
  A worker ant simulacrum (D:9)
  An ooze (D:5)
  A worm (D:3)
  4 dart slugs
  An adder simulacrum (D:9)
  5 leopard geckos
  34 orcs
  4 bats
  6 giant cockroaches
  7 hobgoblins
  8 jackals
  7 kobolds
  6 quokkas
  A ball python (D:4)
  5 frilled lizards
  5 goblins
  2 jackal skeletons
  A leopard gecko skeleton (D:4)
  A leopard gecko zombie (D:5)
  A quokka simulacrum (D:9)
  6 rats
285 creatures vanquished.

Vanquished Creatures (others)
  A slave (D:8)
  An orc (D:8)
  16 fungi
  4 plants (Lair:2)
22 creatures vanquished.

Grand Total: 307 creatures vanquished

Notes
Turn   | Place    | Note
-------+----------+-------------------------------------------
     0 | D:1      | esteth the Gargoyle Earth Elementalist began the quest for the Orb.
     0 | D:1      | Reached XP level 1. HP: 10/10 MP: 3/3
   880 | D:1      | Reached XP level 2. HP: 14/15 MP: 5/5
  2155 | D:2      | Reached XP level 3. HP: 13/19 MP: 4/6
  2277 | D:2      | Noticed Natasha
  2288 | D:2      | Killed Natasha
  2464 | D:2      | Reached XP level 4. HP: 19/24 MP: 7/7
  2514 | D:2      | Noticed Natasha
  2519 | D:2      | Killed Natasha
  2646 | D:2      | Noticed Natasha
  2648 | D:2      | Killed Natasha
  2701 | D:2      | Noticed Jessica
  2710 | D:2      | Killed Jessica
  2710 | D:2      | Reached XP level 5. HP: 18/28 MP: 1/9
  2827 | D:2      | Learned a level 5 spell: Lee's Rapid Deconstruction
  2851 | D:2      | Found a blossoming altar of Fedhas.
  2852 | D:2      | Found a deep blue altar of Sif Muna.
  3444 | D:2      | Found a faded altar of an unknown god.
  3607 | D:3      | Reached skill level 5 in Earth Magic
  4000 | D:3      | Reached XP level 6. HP: 3/32 MP: 3/10
  4415 | D:4      | Found a snail-covered altar of Cheibriados.
  4447 | D:4      | Noticed a phantom
  4456 | D:4      | Killed a phantom
  4740 | D:4      | Noticed Ijyb
  4748 | D:4      | Killed Ijyb
  4835 | D:4      | Reached XP level 7. HP: 26/36 MP: 11/11
  5042 | D:4      | Got a polished quarterstaff
  5043 | D:4      | Identified the +11 quarterstaff of Myethuf {pain, rF+++ SInv} (You found it on level 4 of the Dungeon)
  5160 | D:4      | Found a burning altar of Makhleb.
  5391 | D:4      | Reached skill level 1 in Fighting
  5391 | D:4      | Reached skill level 1 in Staves
  5671 | D:4      | Reached skill level 2 in Staves
  5683 | D:4      | Reached skill level 3 in Staves
  6016 | D:4      | Reached XP level 8. HP: 36/46 MP: 12/12
  6113 | D:5      | Entered Level 5 of the Dungeon
  6159 | D:5      | Noticed esteth's ghost (novice GrEE)
  6168 | D:5      | Killed esteth's ghost
  6168 | D:5      | Reached skill level 4 in Staves
  6289 | D:5      | Reached skill level 5 in Fighting
  6328 | D:5      | Found a stormy altar of Qazlal.
  6454 | D:5      | Found an ancient bone altar of Kikubaaqudgha.
  6528 | D:5      | Reached skill level 5 in Staves
  6601 | D:5      | Found a staircase to the Ecumenical Temple.
  6617 | Temple   | Entered the Ecumenical Temple
  6755 | D:5      | Noticed Grinder
  6758 | D:5      | Killed Grinder
  6840 | D:5      | Reached XP level 9. HP: 53/56 MP: 13/13
  7120 | D:6      | Reached skill level 6 in Staves
  7329 | D:6      | Found an iron altar of Okawaru.
  7638 | D:6      | Reached skill level 7 in Staves
  7805 | D:6      | Found Qualof's Armour Shoppe.
  7812 | D:6      | Bought a +1 cloak of poison resistance for 162 gold pieces
  7904 | D:6      | Got a fine copper amulet
  7934 | D:6      | Identified the amulet "Qeown" {Reflect *Slow Int+3 Dex+8 SH+3 Stlth+} (You found it on level 6 of the Dungeon)
  8334 | D:7      | Noticed Prince Ribbit
  8358 | D:7      | Killed Prince Ribbit
  8504 | D:7      | Noticed Dowan
  8505 | D:7      | Noticed Duvessa
  8507 | D:7      | Killed Dowan
  8513 | D:7      | Killed Duvessa
  8513 | D:7      | Reached skill level 8 in Staves
  8808 | D:7      | Reached XP level 10. HP: 58/66 MP: 14/14
  9330 | D:7      | Reached skill level 9 in Staves
  9568 | D:8      | Found a radiant altar of Vehumet.
  9586 | D:8      | Noticed Grum
  9591 | D:8      | Killed Grum
  9744 | D:8      | Became a worshipper of Vehumet
  9770 | D:8      | Noticed Pikel
  9777 | D:8      | Killed Pikel
  9777 | D:8      | Reached skill level 10 in Staves
  9933 | D:8      | Reached skill level 11 in Staves
 10179 | D:8      | Noticed Joseph
 10196 | D:8      | Killed Joseph
 10280 | D:8      | Found a hide-covered altar of Uskayaw.
 10711 | D:9      | Reached XP level 11. HP: 62/71 MP: 15/15
 10717 | D:9      | Reached * piety under Vehumet
 10717 | D:9      | Offered knowledge of Flame Tongue by Vehumet.
 10717 | D:9      | Reached skill level 12 in Staves
 10801 | D:9      | Found a staircase to the Lair.
 11038 | D:9      | Noticed Erica
 11046 | D:9      | Killed Erica
 11204 | D:9      | Identified a scroll of acquirement
 11204 | D:9      | Identified the Compendium of Torrid Contamination (You acquired it on level 9 of the Dungeon)
 11212 | D:9      | Learned a level 5 spell: Bolt of Magma
 11323 | D:9      | Found a glowing silver altar of Zin.
 11393 | D:9      | Found a shattered altar of Ashenzari.
 11614 | D:9      | Found a glowing golden altar of the Shining One.
 11859 | Lair:1   | Entered Level 1 of the Lair of Beasts
 11886 | Lair:1   | Noticed Nergalle
 11896 | Lair:1   | Noticed a spectral orc warlord
 12008 | Lair:1   | Killed Nergalle
 12269 | Lair:1   | Noticed skittles's ghost (journeyman DrFE)
 12283 | Lair:1   | Killed skittles's ghost
 12477 | Lair:1   | Noticed a death yak
 12477 | Lair:1   | Noticed a death yak
 12478 | Lair:1   | Noticed a death yak
 12480 | Lair:1   | Noticed a death yak
 12559 | Lair:2   | HP: 3/71 [death yak (17)]
 12570 | Lair:2   | Killed a death yak
 12585 | Lair:2   | HP: 3/71 [spiny frog (16)]
 12921 | Lair:2   | Reached skill level 5 in Conjurations
 12939 | Lair:2   | Reached ** piety under Vehumet
 12942 | Lair:2   | Offered knowledge of Magic Dart by Vehumet.
 13343 | Lair:2   | Reached skill level 5 in Fire Magic
 13470 | Lair:2   | Reached XP level 12. HP: 67/76 MP: 16/16
 13781 | Lair:2   | Found a staircase to the Swamp.
 14389 | Lair:3   | Noticed a five-headed hydra
 14395 | Lair:3   | Killed a five-headed hydra
 14728 | Lair:3   | Noticed Urug
 14753 | Lair:3   | Found a hole to the Spider Nest.
 15026 | Lair:3   | Offered knowledge of Static Discharge by Vehumet.
 15103 | Lair:3   | Noticed Harold
 15113 | Lair:3   | Killed Harold
 15568 | Lair:4   | Noticed an eight-headed hydra
 15881 | Lair:4   | Killed an eight-headed hydra
 15996 | Lair:4   | Noticed a five-headed hydra
 16053 | Lair:4   | Killed a five-headed hydra
 16069 | Lair:4   | Noticed Rupert
 16075 | Lair:4   | Slain by Rupert

Skill      XL: |  1  2  3  4  5  6  7  8  9 10 11 12 |
---------------+-------------------------------------+-----
Dodging        | 2 |  2.6
Earth Magic    | 4 6 7 8 |  8.0
Stealth        | 3 |  3.5
Fighting       | 3 6 9 |  9.0
Staves         | 3 5 8 11 12 | 12.8
Conjurations   | 6 9 |  9.3
Fire Magic     | 5 7 |  7.6
Spellcasting   | 4 |  4.5
Transmutations | |  0.7

Action                   |  1- 3 |  4- 6 |  7- 9 | 10-12 || total
-------------------------+-------+-------+-------+-------++-------
Melee: Unarmed           |   179 |   136 |       |       ||   315
       Club              |       |    88 |     8 |       ||    96
       Quarterstaff      |       |       |   181 |   450 ||   631
 Cast: Sandblast         |    17 |    27 |    26 |    51 ||   121
       Lee's Rapid Decon |       |       |     5 |     9 ||    14
       Bolt of Magma     |       |       |       |     8 ||     8
  Use: Scroll            |     2 |       |     4 |    23 ||    29
       Potion            |       |     2 |       |     9 ||    11
 Stab: Sleeping          |     4 |     6 |     5 |     4 ||    19
  Eat: Chunk             |     5 |     8 |    15 |    17 ||    45
       Bread ration      |       |       |       |     3 ||     3
Armor: Robe              |    51 |   103 |    44 |   174 ||   372
Dodge: Dodged            |   127 |   168 |    92 |   250 ||   637
Block: Other             |     7 |    17 |    14 |    26 ||    64
       Reflection        |       |       |     1 |     1 ||     2
